 Dungeon Sprint DCSS version 0.26-a0-1002-g7355149c4d (webtiles) character file.

Game seed: 16329816430680107320

319 sahdkjhfkaj the Summoner (level 6, -1/41 HPs)
             Began as a Barachi Summoner on Dec 7, 2020.
             Was an Elder of Sif Muna.
             Slain by a hellwing (12 damage)
             ... in the Dungeon (Sprint VII: "The Pits").
             The game lasted 00:03:12 (1152 turns).

sahdkjhfkaj the Summoner (Barachi Summoner)         Turns: 1152, Time: 00:03:13

Health: -1/41      AC:  2    Str: 10    XL:     6   Next: 46%
Magic:  10/16      EV: 12    Int: 17    God:    Sif Muna [****..]
Gold:   0          SH:  0    Dex: 12    Spells: 10/20 levels left

rFire    . . .     SeeInvis .   m - +0 long sword (holy)
rCold    . . .     Faith    .   (no shield)
rNeg     . . .     Spirit   .   a - +0 robe
rPois    .         Reflect  .   (no helmet)
rElec    .         Harm     .   (no cloak)
rCorr    .         Rampage  .   (no gloves)
Will     .....     NoTele   +   (no boots)
Stlth    ++........             (no amulet)
HPRegen  0.13/turn              (no ring)
MPRegen  0.15/turn              (no ring)

@: slow
A: +LOS, swims, slowness 1, strong legs 1
a: Hop, Channel Magic, Forget Spell, Divine Exegesis, Renounce Religion


You were in the Dungeon.
You worshipped Sif Muna.
Sif Muna was greatly pleased with you.
You visited 1 branch

Inventory:

Hand Weapons
 m - a +0 long sword of holy wrath (weapon)
Armour
 a - a +0 robe (worn)
Scrolls
 i - 3 scrolls of remove curse {!r}
 j - 5 scrolls of amnesia {!r}
 k - a scroll of summoning {!r}
Potions
 c - 6 potions of curing {!q}
 d - 6 potions of heal wounds {!q}
 e - a potion of haste {!q}
 f - 4 potions of magic {!q}
 g - 2 potions of invisibility {!q}


   Skills:
 - Level 2.1 Dodging
 - Level 1.7 Stealth
 + Level 7.9 Spellcasting
 * Level 13.2 Summonings


You had 10 spell levels left.
You knew the following spells:

 Your Spells              Type           Power        Failure   Level
a - Summon Small Mammal   Summ           ####         1%          1
b - Call Imp              Summ           ######..     1%          2
c - Call Canine Familiar  Summ           ######..     1%          3
e - Summon Lightning Spi  Summ/Air       ####....     7%          4

Your spell library contained the following spells:

 Spells                   Type           Power        Failure   Level
 Summon Guardian Golem    Hex/Summ       ####....     1%          3
 Summon Ice Beast         Ice/Summ       ####....     7%          4


Dungeon Overview and Level Annotations

Branches:
Dungeon (1/1)

Altars:
Ashenzari
Cheibriados
Dithmenos
Elyvilon
Fedhas
Gozag
Hepliaklqana
Kikubaaqudgha
Makhleb
Nemelex Xobeh
Okawaru
Qazlal
Ru
Sif Muna
Trog
Uskayaw
Vehumet
Wu Jian
Xom
Yredelemnul
Zin
The Shining One
Beogh
Jiyva
Lugonu


Innate Abilities, Weirdness & Mutations

You can be seen from farther away. (+LOS)
You can swim through water.
You cover ground slowly.
You can hop short distances.


Message History

Casting: Summon Lightning Spire (quite dangerous; 7% risk of failure)
Confirm with . or Enter, or press ? or * to list all spells.
The hellwing hits you.
* * * LOW HITPOINT WARNING * * *
The hellwing completely misses you.
Unknown command.
You hit the hellwing but do no damage.
The hellwing is lightly wounded.
Your wolf bites the hellwing but does no damage.
The hellwing hits you.
* * * LOW HITPOINT WARNING * * *
The hellwing hits you.
* * * LOW HITPOINT WARNING * * *
Your wolf bites the hellwing.
Unknown command.
Unknown command.
You barely miss the hellwing.
The hellwing is lightly wounded.
Your wolf closely misses the hellwing.
The hellwing hits you!
You die...

#.#...)))[.##.......#
#.#...)))[.##.......#
#'###########.......#
#.......# #########
#..#.#..# #.##.##.#
#.......#+#
#.##.##.#.+
#..#.#.@#'#
#.....8.4h#
###########


You could see a hellwing, a friendly wolf (summoned) and a friendly lightning
spire (summoned).

Vanquished Creatures
  A warg (D)
  An ice beast (D)
  A hound (D)
  An adder zombie (D)
  2 leopard geckos (D)
  A bat zombie (D)
  3 jackals (D)
  A frilled lizard (D)
  A giant cockroach zombie (D)
  A leopard gecko skeleton (D)
13 creatures vanquished.

Vanquished Creatures (collateral kills)
  A sky beast (D)
  A necrophage (D)
  Ijyb (D)
  A gnoll (D)
  A river rat (D)
  A jackal (D)
6 creatures vanquished.

Grand Total: 19 creatures vanquished

Notes
Turn   | Place    | Note
-------+----------+-------------------------------------------
     0 | D        | sahdkjhfkaj the Barachi Summoner began the quest for the
                  | Orb.
     0 | D        | Reached XP level 1. HP: 13/13 MP: 3/3
    18 | D        | Reached skill level 5 in Summonings
   101 | D        | Found a bloodstained altar of Trog.
   101 | D        | Found a shimmering blue altar of Sif Muna.
   101 | D        | Found a viscous altar of Jiyva.
   101 | D        | Found a hazy altar of Hepliaklqana.
   101 | D        | Found an opulent altar of Gozag.
   127 | D        | Found a glowing golden altar of the Shining One.
   127 | D        | Found a glowing silver altar of Zin.
   127 | D        | Found a basalt altar of Yredelemnul.
   127 | D        | Found a shimmering altar of Xom.
   127 | D        | Found an ornate altar of the Wu Jian Council.
   127 | D        | Found a radiant altar of Vehumet.
   127 | D        | Found a sacrificial altar of Ru.
   127 | D        | Found a stormy altar of Qazlal.
   127 | D        | Found an iron altar of Okawaru.
   127 | D        | Found a sparkling altar of Nemelex Xobeh.
   127 | D        | Found a burning altar of Makhleb.
   127 | D        | Found a corrupted altar of Lugonu.
   127 | D        | Found a blossoming altar of Fedhas.
   127 | D        | Found a white marble altar of Elyvilon.
   127 | D        | Found a shadowy altar of Dithmenos.
   127 | D        | Found a snail-covered altar of Cheibriados.
   127 | D        | Found a roughly hewn altar of Beogh.
   128 | D        | Found a hide-covered altar of Uskayaw.
   128 | D        | Found an ancient bone altar of Kikubaaqudgha.
   128 | D        | Found a broken altar of Ashenzari.
   132 | D        | Became a worshipper of Sif Muna the Loreminder
   230 | D        | Reached * piety under Sif Muna
   352 | D        | Reached skill level 6 in Summonings
   352 | D        | Reached XP level 2. HP: 12/19 MP: 6/6
   463 | D        | Learned a level 2 spell: Call Imp
   464 | D        | Noticed an ice beast
   473 | D        | Reached ** piety under Sif Muna
   477 | D        | Reached skill level 7 in Summonings
   480 | D        | Killed an ice beast
   481 | D        | Reached skill level 5 in Spellcasting
   481 | D        | Reached skill level 10 in Summonings
   481 | D        | Reached XP level 3. HP: 18/24 MP: 3/10
   481 | D        | Reached XP level 4. HP: 23/30 MP: 3/11
   580 | D        | Noticed a sky beast
   582 | D        | Noticed a necrophage
   592 | D        | Learned a level 3 spell: Call Canine Familiar
   597 | D        | Reached *** piety under Sif Muna
   608 | D        | Killed a sky beast
   609 | D        | Reached skill level 11 in Summonings
   609 | D        | Reached XP level 5. HP: 26/35 MP: 10/13
   618 | D        | Killed a necrophage
   693 | D        | Learned a level 4 spell: Summon Lightning Spire
   706 | D        | Noticed a warg
   805 | D        | HP: 2/52 [warg (14)]
   806 | D        | Killed a warg
   806 | D        | Reached **** piety under Sif Muna
   807 | D        | Reached skill level 12 in Summonings
   807 | D        | Reached XP level 6. HP: 3/41 MP: 3/16
   808 | D        | Reached skill level 13 in Summonings
  1112 | D        | Noticed Ijyb
  1125 | D        | Killed Ijyb
  1145 | D        | Noticed a hellwing
  1152 | D        | Slain by a hellwing

Illustrated notes

Levels and vault maps discovered:
D:        pitsprint [storerooms_1, entrance_room_1, metal_vault_6, armoury_3,
          mini_pit_1, grid_room_1, main_hall_1, silver_pit, the_coven_3,
          the_vestibule_1, steel_vault_1, golden_pit, hallway_of_sentries,
          crystal_vault_6, iron_vault_2, final_vault]

Skill      XL: |  1  2  3  4  5  6 |
---------------+-------------------+-----
Summonings     | 6 10 11 12 13 | 13.2
Spellcasting   | 3 5 6 7 |  7.9
Dodging        | |  2.1
Stealth        | |  1.7

Action                   |  1- 3 |  4- 6 || total
-------------------------+-------+-------++-------
Melee: Falchion          |    29 |       ||    29
       Unarmed           |     4 |     4 ||     8
       Long sword        |       |    11 ||    11
 Cast: Summon Small Mamm |     1 |       ||     1
       Call Imp          |     2 |       ||     2
       Call Canine Famil |       |     7 ||     7
       Summon Lightning  |       |     5 ||     5
  Use: Potion            |     2 |     1 ||     3
       Scroll            |       |     1 ||     1
Armor: Robe              |    15 |     1 ||    16
Dodge: Dodged            |    27 |    11 ||    38
       Rpst.: Falchion   |     4 |       ||     4
       Long sword        |       |     2 ||     2

Table legend: (Time is in decaauts)
 A = Elapsed time spent in this place.
 B = Non-inter-level travel time spent in this place.
 C = Inter-level travel time spent in this place.
 D = Time resting spent in this place.
 E = Time spent auto-exploring this place.
 F = Levels seen in this place.
 G = Mean time per level.
                   A        B        C        D        E       F      G
               +--------+--------+--------+--------+--------+-----+--------+
         Total |   1223 |   1206 |     17 |    896 |      0 |   1 | 1223.0 |
       Dungeon |   1223 |   1206 |     17 |    896 |      0 |   1 | 1223.0 |
               +--------+--------+--------+--------+--------+-----+--------+

Top non-repeatable levels by time:
       D: 1223 daAuts
